 Dungeon Crawl Stone Soup version 0.22-a0-78-g0f8607c (webtiles) character file.

510 oplop the Chiller (level 7, -3/45 HPs)
             Began as an Octopode Ice Elementalist on Jan 15, 2018.
             Slain by a troll (13 damage)
             ... on level 6 of the Dungeon.
             The game lasted 00:07:43 (3993 turns).

oplop the Chiller (Octopode Ice Elementalist)       Turns: 3993, Time: 00:07:44

Health: -3/45      AC:  7    Str:  7    XL:     7   Next: 19%
Magic:  5/13       EV: 14    Int: 19    God:
Gold:   232        SH:  3    Dex: 13    Spells: 6/14 levels left

rFire    . . .     SeeInvis .   i - +4 whip
rCold    + . .     Gourm    .   (no shield)
rNeg     . . .     Faith    .   (helmet restricted)
rPois    .         Spirit   .   t - +3 amulet of reflection
rElec    .         Reflect  +   l - ring of protection from cold
rCorr    .         Harm     .   m - ring of flight
MR       .....                  (no ring)
Stlth    +++.......             (no ring)
HPRegen  0.15/turn              (no ring)
MPRegen  0.13/turn              (no ring)
                                (no ring)
                                (no ring)

@: icy armour, slow
A: almost no armour, stealthy swim, amphibious, 8 rings, constrict 8, camouflage
1, gelatinous body 1
a: Evoke Flight


You were on level 6 of the Dungeon.
You were not hungry.

You visited 1 branch of the dungeon, and saw 6 of its levels.

You collected 232 gold pieces.

Inventory:

Hand Weapons
 b - a +1 dagger of venom
 d - a +0 dagger
 h - a +1 spear of piercing
 i - a +4 whip (weapon)
Jewellery
 l - a ring of protection from cold (left tentacle)
 m - a ring of flight (right tentacle)
 t - a +3 amulet of reflection (around mantle)
Scrolls
 e - 2 scrolls of identify
 f - 3 scrolls of remove curse
 g - a scroll of teleportation {unknown}
 o - a scroll of fear {unknown}
 p - a scroll of random uselessness {unknown}
 q - a scroll of amnesia {unknown}
Potions
 c - a potion of might
 k - 2 potions of invisibility
 n - a potion of agility {unknown}
 r - a potion of mutation {unknown}
 s - a potion of heal wounds {unknown}
 u - a potion of resistance {unknown}
Books
 a - a book of Frost

   Spells                             Type                      Level
   a - Freeze                         Ice                          1
   b - Throw Frost                    Conjuration/Ice              2
   c - Ozocubu's Armour               Charms/Ice                   3
   d - Throw Icicle                   Conjuration/Ice              4
   e - Summon Ice Beast               Ice/Summoning                4
Comestibles
 j - 2 rations


   Skills:
 + Level 2.6 Fighting
 + Level 3.2 Dodging
 - Level 2.6 Stealth
 * Level 4.0 Spellcasting
   Level 1.0 Conjurations
 - Level 2.1 Summonings
 * Level 4.9 Ice Magic


You had 6 spell levels left.
You knew the following spells:

 Your Spells              Type           Power        Failure   Level  Hunger
a - Freeze                Ice            ###.         1%          1    None
b - Ozocubu's Armour      Chrm/Ice       ##......     14%         3    ###....
c - Summon Ice Beast      Ice/Summ       ###.....     30%         4    ####...


Dungeon Overview and Level Annotations

Branches:
Dungeon (5/15)
 Temple: D:4-7

Altars:
Dithmenos
Elyvilon
Makhleb
The Shining One

Shops:
D:6 [

Annotations:
D:4 exclusions: black bear and phantom


Innate Abilities, Weirdness & Mutations

You cannot wear most types of armour.
You are very stealthy in the water. (Stealth+)
You are amphibious.
You can wear up to eight rings at the same time.
You can use your tentacles to constrict eight enemies at once.
Your skin changes colour to match your surroundings (Stealth+).
Your rubbery body absorbs attacks. (AC +1, EV +1)


Message History

The troll is moderately wounded.
The troll bites you! The troll closely misses you.
The troll completely misses you.
Your ice beast hits the troll but does no damage.
You barely miss the troll. You squeeze the troll.
The troll is moderately wounded.
You block the troll's attack. The troll completely misses you.
The troll claws you!
Your ice beast hits the troll.
Your ice beast freezes the troll!
Casting: Freeze
Confirm with . or Enter, or press ? or * to list all spells.
Aiming: Freeze
Press: ? - help, Shift-Dir - straight line, f - troll
Aim: a troll (heavily wounded)
You freeze the troll.
The troll is severely wounded.
The troll bites you!
* * * LOW HITPOINT WARNING * * *
The troll misses you. The troll claws you!
You die...

#..........#
#......(...#
##..........#####
#...............#
#...........###.#
#...........# #.#
#...........# #.#
#...........# #.# #
#Y@.........# #.#
#.#.###T###########
#.# #.......# #.#
#......#### #.#
#.##... #.# .....
#.# ≈.###.. #.# .
... #.# .##. #.#


You could see a troll and a friendly ice beast.

Vanquished Creatures
  An ogre (D:4)
  A scorpion (D:5)
  An orc priest (D:3)
  4 orc wizards
  A worker ant (D:4)
  4 adders
  An ooze (D:2)
  An adder skeleton (D:6)
  2 worms
  A leopard gecko (D:2)
  23 orcs
  A giant cockroach (D:3)
  8 goblins
  8 hobgoblins
  4 jackals (D:1)
  8 kobolds
  5 bats
  7 frilled lizards
  4 rats
85 creatures vanquished.

Vanquished Creatures (collateral kills)
  An ogre (D:6)
1 creature vanquished.

Grand Total: 86 creatures vanquished

Notes
Turn   | Place    | Note
-------+----------+-------------------------------------------
     0 | D:1      | oplop the Octopode Ice Elementalist began the quest for the Orb.
     0 | D:1      | Reached XP level 1. HP: 11/11 MP: 3/3
   504 | D:1      | Reached XP level 2. HP: 17/17 MP: 5/5
   925 | D:1      | Reached XP level 3. HP: 20/22 MP: 6/6
  1224 | D:2      | Found a burning altar of Makhleb.
  1243 | D:2      | Reached skill level 1 in Fighting
  1804 | D:2      | Learned a level 3 spell: Ozocubu's Armour
  1807 | D:3      | Reached XP level 4. HP: 23/28 MP: 4/8
  2025 | D:3      | Found a glowing golden altar of the Shining One.
  2119 | D:3      | Found a white marble altar of Elyvilon.
  2128 | D:3      | Reached XP level 5. HP: 27/34 MP: 4/9
  2647 | D:4      | Found a shadowy altar of Dithmenos.
  2648 | D:4      | Noticed an ogre
  2711 | D:4      | Learned a level 4 spell: Summon Ice Beast
  2731 | D:4      | Killed an ogre
  2731 | D:4      | Reached skill level 1 in Summonings
  2731 | D:4      | Reached XP level 6. HP: 15/39 MP: 9/11
  2984 | D:4      | Noticed a black bear
  2998 | D:4      | Noticed a phantom
  3506 | D:5      | Entered Level 5 of the Dungeon
  3685 | D:5      | Reached XP level 7. HP: 24/45 MP: 10/12
  3841 | D:5      | You fall through a shaft!
  3892 | D:6      | Found Syokor Gusi's Antique Armour Shop.
  3976 | D:6      | Noticed a troll
  3993 | D:6      | Slain by a troll

Vault maps used:
D:1:      eino_arrival_druids_welcome
D:2:      bloody_makhleb, minmay_misc_feat_enclosed
D:3:      elyvilon_altar_5, first_ration, corexii_item_surrounded_by_moat,
          nicolae_tso_carved_into_rock
D:4:      lemuel_crystal_altar
D:5:      nicolae_overflow_crystal_walls, kennysheep_mini, old_standard_altar,
          led_xom_imps, uniq_pikel
D:6:      nicolae_ru_path_of_blood, serial_shops, nicolae_shop_trees, shop,
          kennysheep_little_box, nicolae_shop_trees, kb_rosetta

Skill      XL: |  1  2  3  4  5  6  7 |
---------------+----------------------+-----
Fighting       | 1 2 |  2.6
Spellcasting   | 3 4 |  4.0
Ice Magic      | 4 |  4.9
Dodging        | 3 |  3.2
Summonings     | 1 2 |  2.1
Stealth        | |  2.6
Conjurations   | |  1.0

Action                   |  1- 3 |  4- 6 |  7- 9 || total
-------------------------+-------+-------+-------++-------
Melee: Dagger            |    29 |    32 |       ||    61
       Constrict         |    15 |    31 |     2 ||    48
       Unarmed           |     2 |       |       ||     2
       Tentacles         |     7 |    16 |     2 ||    25
       Whip              |    27 |    66 |    10 ||   103
       Spear             |     9 |       |       ||     9
 Cast: Freeze            |    14 |    13 |     3 ||    30
       Ozocubu's Armour  |     1 |     5 |     1 ||     7
       Summon Ice Beast  |       |       |     1 ||     1
  Use: Potion            |       |     4 |       ||     4
       Scroll            |       |     2 |       ||     2
 Stab: Sleeping          |     9 |     4 |     1 ||    14
  Eat: Chunk             |     1 |     4 |     1 ||     6
       Ration            |     1 |       |     1 ||     2
Armor: Skin              |     8 |    14 |     1 ||    23
Dodge: Dodged            |    37 |    72 |     8 ||   117
Block: Other             |       |       |     1 ||     1

Table legend:
 A = Spawn XP
 B = Non-spawn XP
 C = Spawn XP percentage of total XP
 D = Spawn monster count
 E = Non-spawn monster count
 F = Spawn count percentage of total count
 G = Total turns spent on level
                    A         B        C        D         E        F      G
               +---------+---------+-------+---------+---------+-------+---------
         Total |       0 |     729 |   0.0 |       0 |      86 |   0.0 |  3993
               +---------+---------+-------+---------+---------+-------+---------
           D:1 |       0 |      35 |   0.0 |       0 |      21 |   0.0 |  1214
           D:2 |       0 |      36 |   0.0 |       0 |      16 |   0.0 |   526
           D:3 |       0 |     199 |   0.0 |       0 |      32 |   0.0 |   904
           D:4 |       0 |     243 |   0.0 |       0 |       8 |   0.0 |   862
           D:5 |       0 |     125 |   0.0 |       0 |       7 |   0.0 |   335
           D:6 |       0 |      91 |   0.0 |       0 |       2 |   0.0 |   152
               +---------+---------+-------+---------+---------+-------+---------
